 Dungeon Crawl Stone Soup version 0.20.1-1-g8b1a95d (webtiles) character file.

4111 letownia2 the Reanimator (level 10, -6/77 (80) HPs)
             Began as a Deep Dwarf Necromancer on Dec 16, 2017.
             Was an Initiate of Gozag.
             Mangled by p0werm0de's ghost (15 damage)
             ... on level 8 of the Dungeon.
             The game lasted 00:20:43 (8863 turns).

letownia2 the Reanimator (Deep Dwarf Necromancer)   Turns: 8863, Time: 00:20:44

HP:   -6/77 (80)    AC:  6    Str: 13    XL:     10   Next: 6%
MP:   16/23         EV: 11    Int: 20    God:    Gozag
Gold: 448           SH:  0    Dex: 13    Spells: 23/27 levels left

rFire    . . .     SeeInvis .   a - +0 hand axe (flame)
rCold    . . .     Gourm    .   (no shield)
rNeg     . . .     Faith    .   W - +1 ring mail {MR+}
rPois    .         Spirit   .   (no helmet)
rElec    .         Reflect  .   P - scarf {cloud immunity}
rCorr    .         Harm     .   (no gloves)
MR       ++...                  (no boots)
Stlth    +.........             (no amulet)
Regen    0.0/turn               I - +2 ring of slaying
MPRegen  0.2/turn               N - +2 ring of intelligence

@: non-regenerating
A: damage resistance, heal wounds, sense surroundings 2, no regeneration
a: Heal Wounds, Potion Petition, Call Merchant, Bribe Branch, Renounce Religion


You were on level 8 of the Dungeon.
You worshipped Gozag.
Gozag was aware of your devotion.
You were not hungry.

You visited 2 branches of the dungeon, and saw 10 of its levels.
You also visited: Sewer.

You collected 1268 gold pieces.
You paid 820 gold pieces to Gozag.

Inventory:

Hand Weapons
 a - a +0 hand axe of flaming (weapon)
 b - a +2 spear of piercing
 h - a +0 falchion
 R - a +0 battleaxe
Missiles
 r - 105 bolts
 y - 16 tomahawks (quivered)
Armour
 w - the +0 robe of Winter {rF+ MP+9}
   (You found it on level 5 of the Dungeon)

   It protects you from fire.
   It affects your magic capacity (+9).
 C - the +0 robe "Nuzeeh" {rPois Regen+ Int-5 Slay+4}
   (You found it on level 5 of the Dungeon)

   It affects your intelligence (-5).
   It affects your accuracy and damage with ranged weapons and melee attacks
   (+4).
   It protects you from poison.
   It increases your rate of regeneration.
 M - a +0 buckler
 P - a scarf of cloud immunity (worn)
 W - a +1 ring mail of magic resistance (worn)
Jewellery
 A - an uncursed ring of protection from fire
 I - a +2 ring of slaying (left hand)
 N - a +2 ring of intelligence (right hand)
Wands
 o - a wand of digging (18/24)
 D - a wand of digging (6/24)
 G - a wand of polymorph (1/24)
 T - a wand of iceblast (11/15)
Scrolls
 e - a scroll of fog {unknown}
 g - a scroll of acquirement {unknown}
 i - a scroll of brand weapon {unknown}
 k - 5 scrolls of teleportation
 p - 2 scrolls of immolation
 t - 3 scrolls of recharging
 u - 2 scrolls of amnesia
 x - 4 scrolls of fear
 E - a scroll of magic mapping {unknown}
 H - 4 scrolls of remove curse
 J - a scroll of noise {unknown}
 L - a scroll of enchant armour {unknown}
 O - 2 scrolls of identify
 S - a scroll of blinking {unknown}
Potions
 d - 4 potions of haste {unknown}
 l - a potion of mutation {unknown}
 m - a potion of resistance {unknown}
 s - 2 potions of might {unknown}
 v - 3 potions of flight {unknown}
 z - 2 potions of magic {unknown}
 B - 4 potions of curing {unknown}
 F - 2 potions of heal wounds {unknown}
 K - a potion of lignification {unknown}
 Q - a potion of brilliance {unknown}
Books
 f - a book of Conjurations

   Spells                             Type                      Level
   a - Magic Dart                     Conjuration                  1
   b - Searing Ray                    Conjuration                  2
   c - Dazzling Spray                 Conjuration/Hexes            3
   d - Fulminant Prism                Conjuration/Hexes            4
   e - Force Lance                    Conjuration/Translocation    4
   f - Iskenderun's Mystic Blast      Conjuration                  4
 j - a book of Necromancy

   Spells                             Type                      Level
   a - Pain                           Necromancy                   1
   b - Animate Skeleton               Necromancy                   1
   c - Vampiric Draining              Necromancy                   3
   d - Regeneration                   Charms/Necromancy            3
   e - Animate Dead                   Necromancy                   4
   f - Control Undead                 Necromancy                   4
Comestibles
 c - 8 bread rations
 U - 2 royal jellies


   Skills:
 - Level 2.1 Fighting
 + Level 4.6 Axes
 + Level 2.7 Armour
 - Level 2.1 Dodging
 - Level 2.4 Stealth
 - Level 9.2 Spellcasting
 + Level 9.7 Necromancy


You had 23 spell levels left.
You knew the following spells:

 Your Spells              Type           Power        Failure   Level  Hunger
a - Pain                  Necr           ####         1%          1    None
v - Vampiric Draining     Necr           #####.....   1%          3    None


Dungeon Overview and Level Annotations

Branches:
Dungeon (9/15)             Temple (1/1) D:5
   Lair: D:8-11         Orc: D:9-12

Altars:
Ashenzari
Cheibriados
Dithmenos
Elyvilon
Fedhas
Gozag
Hepliaklqana
Kikubaaqudgha
Makhleb
Nemelex Xobeh
Okawaru
Qazlal
Ru
Sif Muna
Trog
Uskayaw
Vehumet
Xom
Yredelemnul
Zin
The Shining One

Shops:
D:8 *   D:9 ?

Annotations:
D:4 exclusion: centaur
D:5 exclusions: killer bee and 1 more exclusion
D:6 Menkaure
D:8 p0werm0de's ghost, novice DsBe


Innate Abilities, Weirdness & Mutations

You are resistant to damage.
You can heal yourself by infusing magical energy.
You passively map the area around you.
You do not regenerate.


Message History

Wear which item? (? for menu, Esc to quit)
You start removing your armour.
You continue taking off the +0 robe "Nuzeeh" {rPois Regen+ Int-5 Slay+4}. x4
You finish taking off the +0 robe "Nuzeeh" {rPois Regen+ Int-5 Slay+4}.
You start putting on your armour.
You continue putting on your +1 ring mail of magic resistance. x5
You finish putting on your +1 ring mail of magic resistance.
You feel resistant to hostile enchantments.
Unknown command.
You climb upwards.
Level annotation: p0werm0de's ghost, novice DsBe P0werm0de's ghost completely misses you.
P0werm0de's ghost hits you but does no damage.
There is a stone staircase leading down here.
Unknown command.
Unknown command.
Unknown command.
P0werm0de's ghost hits you!
You die...
Your body crumbles into a pile of gold.

.....................#..,
.'.....
..W..................#
,,,.##....
###'##...............# ,
##....
..)..#...............#,
.......
.....#.......<######## ,
.......
.....#........#......#,
.......
.....#........#.....# **
###....
.....#........#>W...##,,
,*#....
.....#.......(#.@....#
......
.....#........#......# ,,
......
.....#........#......# ,
,......
.....#........#.....##
.....
.....#........#.....# ,
,....
#....#......W.#....>#* *
######........#.....##, ,
, , # #........'......# ,
# #........#......#, ,


You could see p0werm0de's ghost.

Vanquished Creatures
  Erolcha (D:9)
  A hippogriff (D:9)
  Duvessa (D:7)
  2 orc warriors
  A black bear (D:8)
  An ice beast (D:6)
  2 necrophages
  2 ogres (D:8)
  4 centaurs
  4 bullfrogs
  A wyvern skeleton (D:9)
  2 scorpions
  2 jellies
  4 killer bees (D:9)
  8 howler monkeys
  A centaur zombie (D:9)
  2 hounds
  4 orc wizards
  2 centaur skeletons
  2 orc priests (D:5)
  2 iguanas
  6 worker ants
  2 hound skeletons
  2 worker ant zombies (D:9)
  5 adders
  3 gnolls
  6 river rats
  3 shadow imps
  An ooze (D:1)
  2 adder zombies
  2 adder skeletons
  A worm (D:2)
  A dart slug (D:5)
  5 leopard geckos
  27 orcs
  5 giant cockroaches
  7 goblins
  2 hobgoblins (D:2)
  3 jackals (D:1)
  4 kobolds
  5 quokkas
  7 ball pythons
  5 bats
  9 frilled lizards
  11 rats
173 creatures vanquished.

Notes
Turn   | Place    | Note
-------+----------+-------------------------------------------
     0 | D:1      | letownia2 the Deep Dwarf Necromancer began the quest for the Orb.
     0 | D:1      | Reached XP level 1. HP: 15/15 MP: 3/3
   479 | D:2      | Found a radiant altar of Vehumet.
   521 | D:4      | Reached XP level 2. HP: 13/22 MP: 5/5
   553 | D:4      | Reached skill level 5 in Necromancy
   553 | D:4      | Reached XP level 3. HP: 16/28 MP: 2/6
   558 | D:4      | Learned a level 3 spell: Vampiric Draining
   706 | D:5      | Entered Level 5 of the Dungeon
   850 | D:5      | Reached XP level 4. HP: 6/36 MP: 0/7
  1067 | D:5      | Noticed a centaur
  1265 | D:4      | Reached XP level 5. HP: 12/43 MP: 0/8
  1471 | D:5      | Reached skill level 1 in Fighting
  1471 | D:5      | Reached skill level 1 in Axes
  1898 | D:4      | Noticed a centaur
  2389 | D:5      | Killed a centaur
  2389 | D:5      | Reached XP level 6. HP: 18/52 MP: 1/10
  2462 | D:5      | Got an opalescent robe
  2671 | D:5      | Found a staircase to the Ecumenical Temple.
  2716 | Temple   | Entered the Ecumenical Temple
  2788 | Temple   | Became a worshipper of Gozag Ym Sagoz the Greedy
  3326 | D:5      | Got a sheer robe
  3690 | D:3      | Reached XP level 7. HP: 43/60 MP: 3/12
  3809 | D:2      | Found a snail-covered altar of Cheibriados.
  3825 | D:2      | Found a basalt altar of Yredelemnul.
  3936 | D:2      | Found a sparkling altar of Nemelex Xobeh.
  3998 | D:2      | Found a blossoming altar of Fedhas.
  5357 | D:6      | Noticed Menkaure
  5415 | D:6      | Found a glowing drain.
  5419 | Sewer    | Entered a sewer
  5972 | D:6      | Found a shadowy altar of Dithmenos.
  6523 | D:7      | Noticed Duvessa
  6531 | D:7      | Reached XP level 8. HP: 52/67 MP: 0/14
  6532 | D:7      | Noticed Dowan
  6745 | D:7      | Reached skill level 5 in Spellcasting
  7468 | D:7      | Noticed Dowan
  7468 | D:7      | Dowan changed into Dowan the river rat
  7489 | D:7      | Killed Duvessa
  7494 | D:7      | Killed Dowan the river rat
  7703 | D:8      | Noticed p0werm0de's ghost (novice DsBe)
  7792 | D:8      | Gained mutation: You passively map the area around you. [Deep Dwarf growth]
  7792 | D:8      | Reached XP level 9. HP: 50/72 MP: 13/19
  8752 | D:9      | Found Kowoe's Magic Scroll Shoppe.
  8753 | D:9      | Noticed Erolcha
  8764 | D:9      | Killed Erolcha
  8764 | D:9      | Reached XP level 10. HP: 7/77 MP: 1/23
  8841 | D:9      | Identified the +0 robe of Winter {rF+ MP+9} (You found it on level 5 of the Dungeon)
  8851 | D:9      | Identified the +0 robe "Nuzeeh" {rPois Regen+ Int-5 Slay+4} (You found it on level 5 of the Dungeon)
  8863 | D:8      | Mangled by p0werm0de's ghost

Skill      XL: |  1  2  3  4  5  6  7  8  9 |
---------------+----------------------------+-----
Spellcasting   | 2 3 4 6 9 |  9.2
Necromancy     | 5 6 7 8 9 |  9.7
Fighting       | 1 2 |  2.1
Axes           | 1 3 4 |  4.6
Armour         | 2 |  2.7
Dodging        | |  2.1
Stealth        | |  2.4

Action                   |  1- 3 |  4- 6 |  7- 9 | 10-12 || total
-------------------------+-------+-------+-------+-------++-------
Melee: Falchion          |    10 |       |       |       ||    10
       Unarmed           |     1 |       |       |       ||     1
       Hand axe          |    18 |    79 |   188 |    15 ||   300
 Cast: Pain              |    18 |    11 |   113 |       ||   142
       Vampiric Draining |     7 |    28 |    84 |     2 ||   121
Invok: Call Merchant     |       |       |     1 |       ||     1
Evoke: Wand              |       |       |     7 |       ||     7
  Use: Scroll            |       |       |     2 |     5 ||     7
 Stab: Sleeping          |       |     1 |     1 |       ||     2
       Distracted        |       |       |       |     1 ||     1
  Eat: Chunk             |     1 |     8 |       |       ||     9
       Meat ration       |       |     1 |     3 |       ||     4
       Royal jelly       |       |       |     2 |       ||     2
Armor: Ring mail         |    23 |    40 |    74 |     7 ||   144
Dodge: Dodged            |    40 |    70 |   180 |    12 ||   302
Block: Buckler           |       |       |     5 |       ||     5
       Rpst.: Falchion   |     7 |       |       |       ||     7
